 Dungeon Crawl Stone Soup version 0.23.2-40-g277498a001 (webtiles) character file.

Game seed: 5322221491953190095

44 CitizenNev the Skirmisher (level 3, -1/44 HPs)
             Began as an Ogre Fighter on Aug 20, 2019.
             Slain by a gnoll
             ... wielding a +0 flail
              (2 damage)
             ... on level 1 of the Dungeon.
             The game lasted 00:05:41 (1589 turns).

CitizenNev the Skirmisher (Ogre Fighter)            Turns: 1589, Time: 00:05:41

Health: -1/44      AC:  3    Str: 21    XL:     3   Next: 62%
Magic:  3/3        EV:  8    Int:  9    God:
Gold:   41         SH:  8    Dex:  8    Spells: 2/2 levels left

rFire    . . .     SeeInvis .   a - +0 flail
rCold    . . .     Gourm    .   c - +0 shield
rNeg     . . .     Faith    .   b - +0 robe
rPois    .         Spirit   .   (helmet restricted)
rElec    .         Reflect  .   (no cloak)
rCorr    .         Harm     .   (gloves unavailable)
MR       .....                  (boots unavailable)
Stlth    +.........             o - amulet of rage
HPRegen  0.14/turn              (no ring)
MPRegen  0.08/turn              (no ring)

@: no status effects
A: large, unfitting armour, tough skin 1
a: Evoke Berserk Rage


You were on level 1 of the Dungeon.
You were not hungry.

You visited 1 branch of the dungeon, and saw 2 of its levels.

You collected 41 gold pieces.

Inventory:

Hand Weapons
 a - a +0 flail (weapon)
Armour
 b - a +0 robe (worn)
 c - a +0 shield (worn)
Jewellery
 o - an amulet of rage (around neck)
Scrolls
 h - 2 scrolls of immolation {unknown}
 k - a scroll of remove curse {unknown}
 l - a scroll of magic mapping {unknown}
 n - a scroll of teleportation {unknown}
Potions
 d - a potion of might
 e - a potion of agility {unknown}
 g - a potion of flight {unknown}
 i - 2 potions of heal wounds {unknown}
 j - a potion of resistance {unknown}
 m - a potion of degeneration {unknown}
Comestibles
 f - 6 rations


   Skills:
 * Level 6.0 Fighting
 - Level 1.7 Maces & Flails
 - Level 2.6 Dodging
 - Level 2.6 Shields


You had 2 spell levels left.
You didn't know any spells.
Your spell library was empty.

Dungeon Overview and Level Annotations

Branches:
Dungeon (2/15)

Altars:


Innate Abilities, Weirdness & Mutations

You are too large for most types of armour.
You have tough skin. (AC +1)


Message History

The gnoll barely misses you.
You hit the gnoll.
The gnoll is moderately wounded.
You block the gnoll's attack.
You hit the gnoll but do no damage.
The gnoll is moderately wounded.
The gnoll barely misses you. You block the gnoll's attack.
You thump the gnoll!
The gnoll is severely wounded.
The gnoll hits you with a +0 whip.
You closely miss the gnoll.
The gnoll is severely wounded.
The gnoll hits you with a +0 whip. You block the gnoll's attack.
You sock the gnoll!
You kill the gnoll!
Your Fighting skill increases to level 6!
You barely miss the gnoll. The gnoll hits you with a +0 flail!
* * * LOW HITPOINT WARNING * * *
You closely miss the gnoll. The gnoll hits you with a +0 flail.
You die...

##############
#.............
#.######...###
#########.............
#...............%##.#.
#.##...........>......
#.###.##########.#####
#.# #g# #.....# #.# #@#
#...... #)# #.#
###...... #.###.#
#...###..
#...#.########...###..
####.#.................
#..#.#.....#..######'..
#............##....)#).
##.#.##.....#.#...[.#..
#.#.##....#..#.....#..


You could see a gnoll.

Vanquished Creatures
  2 gnolls (D:1)
  An ooze (D:1)
  A dart slug (D:1)
  A ball python (D:1)
  2 giant cockroaches (D:1)
  2 goblins (D:1)
  2 hobgoblins (D:1)
  6 bats (D:1)
  3 frilled lizards (D:1)
  A rat (D:1)
21 creatures vanquished.

Notes
Turn   | Place    | Note
-------+----------+-------------------------------------------
     0 | D:1      | CitizenNev the Ogre Fighter began the quest for the Orb.
     0 | D:1      | Reached XP level 1. HP: 24/24 MP: 1/1
   235 | D:1      | Reached XP level 2. HP: 33/33 MP: 2/2
   286 | D:1      | Reached skill level 5 in Fighting
  1113 | D:1      | Reached XP level 3. HP: 40/42 MP: 3/3
  1587 | D:1      | Reached skill level 6 in Fighting
  1588 | D:1      | HP: 1/44 [gnoll/+0 flail (15)]
  1589 | D:1      | Slain by a gnoll

Skill      XL: |  1  2  3 |
---------------+----------+-----
Fighting       | 5 6 |  6.0
Maces & Flails | |  1.7
Dodging        | |  2.6
Shields        | |  2.6

Action                   || total
-------------------------++-------
Melee: Flail             ||   126
  Eat: Chunk             ||     2
Armor: Robe              ||    54
Dodge: Dodged            ||    59
Block: Shield            ||    71
